 Dungeon Crawl Stone Soup version 0.20.1-1-g8b1a95d (webtiles) character file.

105426 ChromeMolly the Unseen (level 16, -1/96 HPs)
             Began as an Octopode Fighter on Nov 29, 2017.
             Was an Initiate of Gozag.
             Killed from afar by a deep elf mage (27 damage)
             ... with a lance of force
             ... on level 2 of the Elven Halls on Nov 30, 2017.
             The game lasted 04:37:52 (32750 turns).

ChromeMolly the Unseen (Octopode Fighter)          Turns: 32750, Time: 04:38:22

Health: -1/96      AC:  3    Str: 20    XL:     16   Next: 41%
Magic:  36/36      EV: 27    Int: 19    God:    Gozag
Gold:   559        SH:  0    Dex: 34    Spells: 14/17 levels left

rFire    . . .     SeeInvis .   e - +6 dagger (venom)
rCold    . . .     Gourm    .   a - +3 buckler {rPois}
rNeg     + . .     Faith    .   (helmet restricted)
rPois    +         Spirit   .   k - +3 amulet of reflection
rElec    .         Reflect  +   f - ring "Daucunim" {Str+3 Dex+2}
rCorr    .         Harm     .   K - ring "Azxon" {rPois rN+ MP+9 Int+7}
MR       +....                  A - ring "Mutaih" {EV+2 Dex+5}
Stlth    +++++.....             C - +5 ring of dexterity
Regen    0.3/turn               h - +3 ring of dexterity
MPRegen  0.3/turn               m - +4 ring of dexterity
                                W - ring of magical power
                                N - ring of stealth

@: confused, gold aura, invisible
A: almost no armour, stealthy swim, amphibious, 8 rings, constrict 8, beak,
tentacle spike 1, molten scales 1, camouflage 1, frail 1, gelatinous body 1
a: Potion Petition, Call Merchant, Bribe Branch, Renounce Religion


You were on level 2 of the Elven Halls.
You worshipped Gozag.
Gozag was pleased with you.
You were not hungry.

You visited 4 branches of the dungeon, and saw 22 of its levels.
You visited 1 bazaar.
You also visited: Ice Cave and Volcano.

You collected 8652 gold pieces.
You spent 3078 gold pieces at shops.
You paid 5015 gold pieces to Gozag.

Inventory:

Hand Weapons
 e - a +6 dagger of venom (weapon)
 s - a +3 war axe
Missiles
 p - 5 steel tomahawks
 P - 19 tomahawks
 U - 7 javelins (quivered)
Armour
 a - a +3 buckler of poison resistance (worn)
Jewellery
 f - the ring "Daucunim" (left tentacle) {Str+3 Dex+2}
   (You found it on level 8 of the Dungeon)

   [ring of strength]

   It affects your strength (+3).
   It affects your dexterity (+2).
 h - a +3 ring of dexterity (on tentacle)
 i - an uncursed ring of poison resistance
 k - a +3 amulet of reflection (around mantle)
 m - a +4 ring of dexterity (on tentacle)
 r - an uncursed ring of ice
 v - a cursed ring of loudness {unknown}
 x - an uncursed ring of flight
 A - the ring "Mutaih" (on tentacle) {EV+2 Dex+5}
   (You bought it in a shop on level 9 of the Dungeon)

   [ring of evasion]

   It affects your evasion (+2).
   It affects your dexterity (+5).
 B - an uncursed ring of wizardry
 C - a +5 ring of dexterity (on tentacle)
 E - an uncursed ring of wizardry
 J - an uncursed ring of fire
 K - the ring "Azxon" (right tentacle) {rPois rN+ MP+9 Int+7}
   (You found it on level 2 of the Lair of Beasts)

   [ring of magical power]

   It affects your intelligence (+7).
   It protects you from poison.
   It protects you from negative energy.
   It affects your magic capacity (+9).
 M - an uncursed ring of see invisible
 N - a ring of stealth (on tentacle)
 W - a ring of magical power (on tentacle)
Wands
 c - a wand of digging (3/24)
 w - a wand of iceblast (0/15)
 y - a wand of digging (9/24)
 G - a wand of lightning (9/15)
 L - a wand of paralysis (6/24)
 Q - a wand of scattershot (5/9)
 T - a wand of iceblast (6/15)
Scrolls
 g - 5 scrolls of teleportation
 l - 14 scrolls of remove curse
 o - a scroll of blinking
 t - 5 scrolls of fog
 z - 3 scrolls of identify
 I - a scroll of fear
 O - 2 scrolls of enchant armour
 S - 2 scrolls of amnesia
Potions
 q - a potion of ambrosia
 u - 2 potions of mutation
 D - 4 potions of flight
Books
 b - a Young Poisoner's Handbook

   Spells                             Type                      Level
   a - Sting                          Conjuration/Poison           1
   b - Poisonous Vapours              Poison/Air                   2
   c - Mephitic Cloud                 Conjuration/Poison/Air       3
   d - Olgreb's Toxic Radiance        Poison                       4
   e - Venom Bolt                     Conjuration/Poison           5
 X - a book of Flames

   Spells                             Type                      Level
   a - Flame Tongue                   Conjuration/Fire             1
   b - Throw Flame                    Conjuration/Fire             2
   c - Conjure Flame                  Conjuration/Fire             3
   d - Inner Flame                    Hexes/Fire                   3
   e - Sticky Flame                   Conjuration/Fire             4
   f - Fireball                       Conjuration/Fire             5
 Y - a book of Callings

   Spells                             Type                      Level
   a - Summon Small Mammal            Summoning                    1
   b - Call Imp                       Summoning                    2
   c - Call Canine Familiar           Summoning                    3
   d - Summon Guardian Golem          Hexes/Summoning              3
   e - Summon Lightning Spire         Summoning/Air                4
   f - Summon Ice Beast               Ice/Summoning                4
Miscellaneous
 F - a phial of floods
Comestibles
 d - 2 bread rations
 j - 4 fruits
 n - 3 meat rations
 H - 9 royal jellies


   Skills:
 + Level 8.8 Fighting
 * Level 12.8 Short Blades
 + Level 11.5 Axes
 + Level 8.0 Throwing
 + Level 9.2 Dodging
 * Level 20.5 Stealth
 + Level 10.4 Shields
 + Level 1.4 Spellcasting
 + Level 1.6 Charms
 + Level 1.2 Evocations


You had 14 spell levels left.
You knew the following spells:

 Your Spells              Type           Power        Failure   Level  Hunger
a - Infusion              Chrm           #...         10%         1    ##.....
b - Passwall              Tmut/Erth      #.........   26%         2    ###....


Dungeon Overview and Level Annotations

Branches:
Dungeon (13/15)            Temple (0/1) D:6            Lair (5/6) D:9
  Swamp (0/4) Lair:4        Snake (0/4) Lair:4        Slime (0/5) Lair:5
    Orc (2/2) D:12            Elf (2/3) Orc:2
 Vaults: D:13-14

Altars:
Gozag
Hepliaklqana
Kikubaaqudgha
Nemelex Xobeh
Sif Muna
Trog
The Shining One
Beogh
Jiyva

Shops:
D:9 =!(=   Orc:2 (*:!   Elf:1 [   Elf:2 ?

Portals:
Pandemonium: Orc:2


Innate Abilities, Weirdness & Mutations

You cannot wear most types of armour.
You are very stealthy in the water. (Stealth+)
You are amphibious.
You can wear up to eight rings at the same time.
You can use your tentacles to constrict eight enemies at once.
Your skin changes colour to match your surroundings (Stealth+).
Your rubbery body absorbs attacks. (AC +1, EV +1)
You have a beak for a mouth.
One of your tentacles bears a spike.
You are partially covered in molten scales. (AC +2)
You are frail. (-10% HP)


Message History

You lose your grip on something.
A deep elf mage comes into view. It is wielding a long sword.
The deep elf mage shouts! 4 dancing weapons, 2 deep elf knights and a deep elf mage come into view.
There is a vampiric long sword.
There is an antimagic triple sword.
There is a long sword of holy wrath.
There is a mace of holy wrath.
You're too confused!
You're too confused!
You're too confused to move!
The deep elf knight shouts!
The deep elf mage shouts!
The deep elf knight shouts!
A dancing weapon and a deep elf knight come into view.
There is a short sword of protection.
You fade into invisibility!
The deep elf knight completely misses you.
The runed mace is distracted by your gold.
The deep elf knight is distracted by your gold.
The deep elf mage points at you and mumbles some strange words.
The lance of force hits you!
You die...
Your body crumbles into a pile of gold.

...............
.e.............
.............
.e.........
#(..(...#
##(...(##
###...e...###
#.....@.e..(#
...............
...............
...............
..............(
...............
...............
.......e.......


You could see 3 deep elf knights, 2 deep elf magi and 6 dancing weapons.

Vanquished Creatures
  Saint Roka (Orc:2)
  Rupert (D:12)
  Frances (D:12)
  The ghost of metrokoi the Warrior, an adept MiBe of Trog (D:13)
  Donald (Orc:2)
  A white draconian (IceCv)
  Snorg (D:13)
  A deep elf high priest (Elf:1)
  Josephine (Lair:5)
  Erolcha (Orc:2)
  The ghost of bande the Cleaver, a journeyman GrFi of Okawaru (Volcano)
  2 hydras
  Harold (Lair:2)
  Erica (D:9)
  2 centaur warriors (D:13)
  4 two-headed ogres
  4 orc high priests (Orc:2)
  A deep elf knight (Elf:2)
  A hell knight (Volcano)
  A sixfirhy (Orc:2)
  A salamander mystic (Volcano)
  An unseen horror (D:13)
  A torturous demonspawn (Orc:2)
  A gelid demonspawn (Orc:2)
  3 deep elf archers
  5 orc knights
  Pikel (D:7)
  2 ugly things
  8 orc sorcerers
  2 cyclopes
  23 deep elf magi
  4 salamanders (Volcano)
  The ghost of ChromeMolly the Sneak, a novice OpFi (D:6)
  Maurice (Orc:2)
  2 molten gargoyles (Volcano)
  5 black mambas
  A smoke demon (Orc:2)
  An orange demon (Orc:2)
  9 spiny frogs
  9 komodo dragons
  7 rime drakes
  2 ice devils (Orc:2)
  4 trolls
  A queen bee (Lair:5)
  A red devil (Orc:2)
  20 polar bears
  11 blink frogs
  3 meliai (Lair:5)
  5 slime creatures (D:11)
  7 hippogriffs
  An air elemental (Elf:1)
  80 yaks
  A spriggan (D:7)
  7 wraiths
  Sigmund (D:8)
  4 wyverns
  2 steam dragons
  7 vampire mosquitoes (D:12)
  3 basilisks
  5 hungry ghosts
  A warg (Orc:2)
  A soldier ant (D:12)
  22 water moccasins
  9 porcupines
  An acid dragon (D:10)
  11 ice beasts
  4 sky beasts
  A black bear (D:13)
  38 orc warriors
  2 slaves (D:7)
  An eye of draining (D:9)
  10 ogres
  A phantom (D:4)
  A necrophage (D:11)
  20 centaurs
  9 crocodiles
  14 wolves (IceCv)
  3 big kobolds
  16 bullfrogs
  2 wyvern zombies
  A water moccasin zombie (D:12)
  A water moccasin skeleton (D:4)
  40 killer bees
  A scorpion (D:13)
  5 wights
  2 vampire bats (Orc:2)
  4 howler monkeys
  3 electric eels (Lair:4)
  4 crimson imps
  2 lava snakes (Volcano)
  3 centaur zombies
  A jelly (D:5)
  A bullfrog zombie (D:10)
  7 hounds
  A gnoll shaman (D:8)
  32 orc priests
  6 bullfrog skeletons
  2 centaur skeletons
  4 iguanas
  An iron imp (D:5)
  Jessica (D:2)
  Natasha (D:4)
  25 orc wizards
  7 worker ants
  A hound zombie (D:10)
  3 hound skeletons
  2 worker ant zombies
  Robin (D:2)
  5 gnolls (D:8)
  A howler monkey skeleton (D:4)
  14 adders
  5 shadow imps
  An ooze (D:5)
  An adder zombie (D:6)
  4 worms
  A dart slug (D:1)
  5 leopard geckos
  101 orcs
  A ball python (D:1)
  16 bats
  3 giant cockroaches
  13 goblins
  13 hobgoblins
  6 jackals (D:4)
  6 quokkas
  4 frilled lizards
  3 goblin skeletons (D:5)
  A goblin zombie (D:5)
  A hobgoblin zombie (D:5)
  23 kobolds
  A kobold skeleton (D:5)
  2 kobold zombies (D:5)
  A leopard gecko skeleton (D:4)
  An orc skeleton (D:5)
  2 orc zombies (D:5)
  A quokka skeleton (D:9)
  5 rats
  A bush (Lair:4)
  A plant (Lair:4)
853 creatures vanquished.

Vanquished Creatures (others)
  3 dancing weapons
  2 slaves (D:7)
  An orc warrior (Orc:2)
  3 wights (D:7)
  An iguana (D:7)
  A leopard gecko (D:7)
  A quokka (D:7)
  A frilled lizard (D:1)
  4 fungi
  3 plants
20 creatures vanquished.

Grand Total: 873 creatures vanquished

Notes
Turn   | Place    | Note
-------+----------+-------------------------------------------
     0 | D:1      | ChromeMolly the Octopode Fighter began the quest for the Orb.
     0 | D:1      | Reached XP level 1. HP: 16/16 MP: 1/1
   225 | D:1      | Reached skill level 1 in Stealth
   225 | D:1      | Reached XP level 2. HP: 17/21 MP: 2/2
   241 | D:1      | Reached skill level 1 in Short Blades
   936 | D:1      | Reached XP level 3. HP: 22/26 MP: 3/3
  1495 | D:2      | Noticed Jessica
  1508 | D:2      | Killed Jessica
  1508 | D:2      | Reached skill level 2 in Stealth
  1508 | D:2      | Reached XP level 4. HP: 31/31 MP: 4/4
  1975 | D:2      | Noticed Robin
  1990 | D:2      | Killed Robin
  2285 | D:3      | Found a bloodstained altar of Trog.
  2429 | D:3      | Reached skill level 1 in Throwing
  2717 | D:3      | Reached skill level 3 in Stealth
  2985 | D:4      | Reached XP level 5. HP: 11/36 MP: 5/5
  2990 | D:4      | Noticed an ogre
  3027 | D:4      | Killed an ogre
  3027 | D:4      | Reached skill level 4 in Stealth
  3027 | D:4      | Reached XP level 6. HP: 25/42 MP: 6/6
  3239 | D:4      | Noticed a phantom
  3291 | D:4      | Killed a phantom
  3677 | D:4      | Noticed a sky beast
  3692 | D:4      | Killed a sky beast
  3692 | D:4      | Reached skill level 5 in Stealth
  3692 | D:4      | Reached XP level 7. HP: 11/46 MP: 7/7
  4429 | D:4      | Noticed Natasha
  4436 | D:4      | Killed Natasha
  4603 | D:5      | Entered Level 5 of the Dungeon
  4657 | D:5      | Reached XP level 8. HP: 25/54 MP: 8/8
  4888 | D:5      | Reached skill level 6 in Stealth
  5061 | D:5      | Found a glowing golden altar of the Shining One.
  5329 | D:5      | Found an opulent altar of Gozag.
  5339 | D:5      | Became a worshipper of Gozag Ym Sagoz the Greedy
  5351 | D:5      | Found a deep blue altar of Sif Muna.
  5351 | D:5      | Found a hazy altar of Hepliaklqana.
  5370 | D:5      | Found a sparkling altar of Nemelex Xobeh.
  5373 | D:5      | Found a bloodstained altar of Trog.
  5512 | D:6      | Noticed ChromeMolly's ghost (novice OpFi)
  5560 | D:6      | Reached skill level 5 in Short Blades
  5687 | D:6      | Reached skill level 7 in Stealth
  5737 | D:6      | Found a staircase to the Ecumenical Temple.
  6160 | D:6      | Killed ChromeMolly's ghost
  6160 | D:6      | Reached skill level 8 in Stealth
  6160 | D:6      | Reached XP level 9. HP: 52/59 MP: 9/9
  6192 | D:6      | Found an ancient bone altar of Kikubaaqudgha.
  6296 | D:6      | Reached skill level 5 in Shields
  6525 | D:7      | Noticed Pikel
  6530 | D:7      | Killed Pikel
  6530 | D:7      | Reached skill level 9 in Stealth
  6553 | D:7      | Found a sparkling altar of Nemelex Xobeh.
  6692 | D:7      | Reached skill level 10 in Stealth
  7242 | D:7      | Reached skill level 11 in Stealth
  7242 | D:7      | Reached XP level 10. HP: 39/65 MP: 10/10
  7720 | D:7      | Reached skill level 5 in Dodging
  8321 | D:8      | Reached skill level 5 in Fighting
  8339 | D:8      | Reached skill level 12 in Stealth
  8395 | D:8      | Noticed Sigmund
  8406 | D:8      | Killed Sigmund
  9136 | D:8      | Got a translucent pewter ring
  9351 | D:8      | Identified the ring "Daucunim" {Str+3 Dex+2} (You found it on level 8 of the Dungeon)
  9353 | D:9      | Found Luiklenk's Jewellery Boutique.
  9359 | D:9      | Bought the ring "Mutaih" {EV+2 Dex+5} for 302 gold pieces
  9359 | D:9      | Bought an uncursed ring of wizardry for 330 gold pieces
  9359 | D:9      | Bought a +5 ring of dexterity for 453 gold pieces
  9604 | D:9      | Found a staircase to the Lair.
  9645 | D:9      | Reached XP level 11. HP: 55/72 MP: 11/11
  9764 | D:9      | Noticed Erica
  9795 | D:9      | Killed Erica
  9795 | D:9      | Reached skill level 5 in Axes
  9795 | D:9      | Reached skill level 13 in Stealth
 10253 | D:10     | Entered Level 10 of the Dungeon
 10589 | D:10     | Identified a scroll of acquirement
 11829 | D:11     | Found a flickering gateway to a bazaar.
 11865 | Bazaar   | Entered a bazaar
 11871 | Bazaar   | Found Honned's Antique Armour Shop.
 11885 | Bazaar   | Found Kaevyumm's Jewellery Shop.
 11937 | Bazaar   | Bought a +3 amulet of reflection for 172 gold pieces
 11937 | Bazaar   | Bought a +4 ring of dexterity for 297 gold pieces
 12346 | D:11     | Reached skill level 14 in Stealth
 12577 | D:11     | Noticed a two-headed ogre
 12596 | D:11     | Killed a two-headed ogre
 12652 | D:11     | Reached XP level 12. HP: 53/79 MP: 12/12
 13384 | D:12     | Reached skill level 5 in Throwing
 13846 | D:12     | Learned a level 1 spell: Infusion
 13989 | D:12     | Noticed a two-headed ogre
 13998 | D:12     | Reached skill level 15 in Stealth
 14256 | D:12     | Noticed Rupert
 14277 | D:12     | Killed Rupert
 14587 | D:12     | Killed a two-headed ogre
 14587 | D:12     | Reached skill level 10 in Short Blades
 14767 | D:12     | Noticed Frances
 14769 | D:12     | Found a staircase to the Orcish Mines.
 14777 | D:12     | Killed Frances
 14777 | D:12     | Reached XP level 13. HP: 77/85 MP: 13/13
 15128 | D:9      | Bought a glowing broad axe for 161 gold pieces
 15136 | Lair:1   | Entered Level 1 of the Lair of Beasts
 15176 | D:9      | Learned a level 2 spell: Passwall
 16281 | Lair:2   | Found a frozen archway.
 16369 | Lair:2   | Reached skill level 16 in Stealth
 16412 | IceCv    | Entered an ice cave
 17438 | IceCv    | Noticed a white draconian
 17463 | IceCv    | Killed a white draconian
 17473 | IceCv    | Reached skill level 1 in Evocations
 17959 | IceCv    | Reached skill level 10 in Axes
 18844 | Lair:2   | Noticed Harold
 18853 | Lair:2   | Killed Harold
 19118 | Lair:2   | Got a wavering jade ring
 19119 | Lair:2   | Identified the ring "Azxon" {rPois rN+ MP+9 Int+7} (You found it on level 2 of the Lair of Beasts)
 19536 | D:9      | Bought an uncursed ring of see invisible for 180 gold pieces
 19541 | D:9      | Bought an uncursed ring of stealth for 210 gold pieces
 19623 | Lair:3   | Reached XP level 14. HP: 92/92 MP: 14/14
 20214 | Lair:3   | Reached skill level 17 in Stealth
 21012 | Lair:4   | Found a staircase to the Snake Pit.
 21497 | Lair:4   | Found a staircase to the Swamp.
 22448 | D:9      | Bought a potion of might for 56 gold pieces
 23078 | Lair:5   | Reached skill level 18 in Stealth
 23174 | Lair:5   | Found a viscous altar of Jiyva.
 23203 | Lair:5   | Found a staircase to the Slime Pits.
 23306 | Lair:5   | Noticed Josephine
 23312 | Lair:5   | Killed Josephine
 23755 | Lair:5   | Gained mutation: You are partially covered in molten scales. (AC +2) [potion of mutation]
 23755 | Lair:5   | Gained mutation: You have a beak for a mouth. [potion of mutation]
 23755 | Lair:5   | Gained mutation: You are frail. (-10% HP) [potion of mutation]
 23755 | Lair:5   | Gained mutation: One of your tentacles bears a spike. [potion of mutation]
 24095 | Lair:5   | Reached skill level 1 in Charms
 24696 | D:13     | Noticed metrokoi's ghost (adept MiBe)
 24908 | D:13     | Reached XP level 15. HP: 74/89 MP: 15/15
 25096 | D:9      | Bought a potion of might for 56 gold pieces
 25281 | D:13     | Killed metrokoi's ghost
 25316 | D:13     | Noticed Snorg
 25320 | D:13     | Killed Snorg
 25946 | Orc:1    | Entered Level 1 of the Orcish Mines
 26022 | Orc:1    | Found a dark tunnel.
 26035 | Volcano  | Entered a volcano
 26071 | Volcano  | Noticed bande's ghost (journeyman GrFi)
 26184 | Volcano  | Killed bande's ghost
 26206 | Volcano  | Found a burning altar of Makhleb.
 26212 | Volcano  | Reached skill level 19 in Stealth
 26973 | Orc:1    | Found a roughly hewn altar of Beogh.
 27159 | Orc:2    | Entered Level 2 of the Orcish Mines
 27159 | Orc:2    | Noticed Donald
 27159 | Orc:2    | Noticed Erolcha
 27162 | Orc:2    | Killed Erolcha
 27175 | Orc:2    | Killed Donald
 27601 | D:9      | Bought a potion of curing for 42 gold pieces
 27601 | D:9      | Bought a potion of curing for 42 gold pieces
 27823 | Orc:2    | Found a staircase to the Elven Halls.
 28155 | Orc:2    | Noticed Maurice
 28161 | Orc:2    | Killed Maurice
 28290 | Orc:2    | Found Orhen's Distillery.
 28291 | Orc:2    | Found Vauppaon's General Store.
 29309 | Orc:2    | Bought a potion of might for 52 gold pieces
 29309 | Orc:2    | Bought a potion of heal wounds for 65 gold pieces
 29309 | Orc:2    | Bought a potion of heal wounds for 65 gold pieces
 29309 | Orc:2    | Bought a potion of heal wounds for 65 gold pieces
 29341 | Orc:2    | HP: 4/89 [orc warrior/glaive (29)]
 29353 | Orc:2    | Reached skill level 1 in Spellcasting
 29675 | Orc:2    | Noticed Saint Roka
 29935 | Orc:2    | Paralysed by an orc sorcerer for 4 turns
 30244 | Orc:2    | Found Finizi Nueg's Antique Weapon Boutique.
 30244 | Orc:2    | Found Ziofriwk's Book Shop.
 30245 | Orc:2    | Found a one-way gate leading to the halls of Pandemonium.
 30279 | Orc:2    | Reached skill level 10 in Shields
 30812 | Orc:2    | Killed Saint Roka
 30812 | Orc:2    | Reached XP level 16. HP: 34/95 MP: 18/18
 31379 | Elf:1    | Entered Level 1 of the Elven Halls
 31632 | Elf:1    | Found Tair's Antique Armour Boutique.
 31668 | Elf:1    | Reached skill level 20 in Stealth
 32643 | Elf:2    | Found Cucva's Magic Scroll Shoppe.
 32691 | Elf:2    | Bought a scroll of recharging for 190 gold pieces
 32691 | Elf:2    | Bought a scroll of blinking for 150 gold pieces
 32691 | Elf:2    | Bought a scroll of enchant weapon for 150 gold pieces
 32705 | Elf:2    | Bought a scroll of identify for 40 gold pieces
 32750 | Elf:2    | Killed from afar by a deep elf mage

Skill      XL: |  1  2  3  4  5  6  7  8  9 10 11 12 13 14 15 16 |
---------------+-------------------------------------------------+-----
Stealth        | 1 2 3 4 5 8 11 12 14 15 16 18 19 20 | 20.5
Short Blades   | 1 2 3 4 6 7 8 9 10 11 12 | 12.8
Throwing       | 1 2 3 4 5 6 7 8 |  8.0
Dodging        | 4 5 6 7 8 9 |  9.2
Shields        | 4 5 6 7 8 9 10 | 10.4
Fighting       | 4 5 6 7 8 |  8.8
Axes           | 3 4 6 8 10 11 | 11.5
Evocations     | 1 |  1.2
Charms         | 1 |  1.6
Spellcasting   | 1 |  1.4

Action                   |  1- 3 |  4- 6 |  7- 9 | 10-12 | 13-15 | 16-18 || total
-------------------------+-------+-------+-------+-------+-------+-------++-------
Melee: War axe           |    20 |    13 |     4 |   330 |   467 |       ||   834
       Tentacles         |    13 |    23 |    47 |   213 |   503 |    37 ||   836
       Constrict         |    19 |    14 |    32 |    97 |   157 |    22 ||   341
       Dagger            |    53 |    98 |   247 |   236 |   669 |    92 ||  1395
       Kick              |       |       |       |       |   372 |    58 ||   430
       Peck              |       |       |       |       |   245 |    38 ||   283
Throw: Stone             |    26 |    33 |    13 |       |       |       ||    72
       Tomahawk          |       |       |    13 |    96 |    94 |     1 ||   204
       Javelin           |       |       |       |       |    69 |     6 ||    75
 Cast: Infusion          |       |       |       |       |    16 |       ||    16
Invok: Potion Petition   |       |       |       |       |     9 |       ||     9
       Call Merchant     |       |       |       |       |     3 |       ||     3
 Abil: Evoke Flight      |       |       |       |       |     1 |       ||     1
Evoke: Wand              |       |       |     2 |    13 |    14 |       ||    29
  Use: Scroll            |     5 |     5 |     2 |    15 |    19 |     5 ||    51
       Potion            |       |     2 |     5 |    10 |    20 |     5 ||    42
 Stab: Sleeping          |     6 |     7 |    23 |    38 |    79 |    11 ||   164
       Confused          |       |       |     1 |       |       |       ||     1
       Distracted        |       |       |       |    17 |    23 |     4 ||    44
       Invisible         |       |       |       |       |     9 |       ||     9
       Paralysed         |       |       |       |       |     1 |       ||     1
  Eat: Chunk             |     2 |     7 |     5 |       |       |       ||    14
       Bread ration      |       |       |     1 |     3 |     9 |     1 ||    14
       Royal jelly       |       |       |     1 |     3 |     2 |     1 ||     7
       Meat ration       |       |       |     2 |     2 |     1 |       ||     5
Armor: Skin              |     9 |     4 |     6 |     5 |     7 |     1 ||    32
Dodge: Dodged            |    24 |    33 |    56 |   264 |   462 |    34 ||   873
Block: Shield            |    28 |    45 |    81 |    69 |       |       ||   223
       Buckler           |       |       |       |   174 |   577 |    25 ||   776
       Reflection        |       |       |       |     4 |    14 |     4 ||    22
